 Dungeon Crawl Stone Soup version 0.22.0-75-g3901e79 (webtiles) character file.

367 Anon1729 the Chopper (level 6, -15/56 HPs)
             Began as a Naga Gladiator on Sept 12, 2018.
             Demolished by a two-headed ogre
             ... wielding a +0 giant spiked club
              (17 damage)
             ... on level 5 of the Dungeon.
             The game lasted 00:07:03 (4398 turns).

Anon1729 the Chopper (Naga Gladiator)               Turns: 4398, Time: 00:07:04

Health: -15/56     AC:  7    Str: 16    XL:     6   Next: 69%
Magic:  6/6        EV:  5    Int: 10    God:
Gold:   186        SH:  0    Dex: 13    Spells: 5/5 levels left

rFire    . . .     SeeInvis +   a - +0 war axe
rCold    . . .     Gourm    .   (no shield)
rNeg     . . .     Faith    .   e - +0 chain mail
rPois    +         Spirit   .   c - +0 helmet
rElec    .         Reflect  .   (no cloak)
rCorr    +         Harm     .   (no gloves)
MR       .....                  (no barding)
Stlth    ..........             (no amulet)
HPRegen  0.18/turn              r - ring of resist corrosion
MPRegen  0.10/turn              (no ring)

@: very slightly contaminated, invisible (expiring), very slow
A: large, see invisible, deformed body, poison resistance, slowness 2, slow
metabolism 1, spit poison 1, AC +2
a: Spit Poison


You were on level 5 of the Dungeon.
You were very hungry.

You visited 1 branch of the dungeon, and saw 5 of its levels.

You collected 186 gold pieces.

Inventory:

Hand Weapons
 a - a +0 war axe (weapon)
 v - a +0 trident
Missiles
 d - 3 throwing nets (quivered)
Armour
 b - a +0 leather armour
 c - a +0 helmet (worn)
 e - a +0 chain mail (worn)
Jewellery
 g - an uncursed ring of fire
 r - a ring of resist corrosion (left hand)
Wands
 t - a wand of flame (43)
Scrolls
 j - a scroll of identify
 m - a scroll of random uselessness {unknown}
 n - 3 scrolls of magic mapping
 q - 3 scrolls of remove curse
 w - a scroll of enchant armour {unknown}
Potions
 h - a potion of heal wounds {unknown}
 i - 2 potions of might {unknown}
 k - 2 potions of agility {unknown}
 l - a potion of cancellation {unknown}
 o - 5 potions of flight {unknown}
 p - a potion of berserk rage {unknown}
 s - 3 potions of curing {unknown}
Comestibles
 f - 10 rations


   Skills:
 + Level 3.6 Fighting
 * Level 5.2 Axes
 - Level 2.0 Throwing
 + Level 2.2 Armour
 - Level 3.0 Dodging


You had 5 spell levels left.
You didn't know any spells.
Your spell library was empty.

Dungeon Overview and Level Annotations

Branches:
Dungeon (5/15)
 Temple: D:4-7

Altars:


Innate Abilities, Weirdness & Mutations

You cannot wear boots.
Your serpentine skin is tough. (AC +2)
You have supernaturally acute eyesight. (SInv)
Armour fits poorly on your strangely shaped body.
Your system is resistant to poisons. (rPois)
You cover ground very slowly.
You have a slow metabolism.
You can spit poison.


Message History

You fade into invisibility!
You are very lightly contaminated with residual magic.
The two-headed ogre hits you with a giant spiked club!
The two-headed ogre barely misses you.
Press: ? - help, Shift-Dir - straight line, f - two-headed ogre
Aim: a two-headed ogre, wielding a giant spiked club and a giant club The splash of poison misses the two-headed ogre.
You feel slightly more hungry.
The two-headed ogre hits you with a giant spiked club!
The two-headed ogre hits you with a giant club.
You flicker for a moment.
The two-headed ogre hits you with a giant spiked club!
* * * LOW HITPOINT WARNING * * *
The two-headed ogre completely misses you.
You have got your breath back.
There is a stone staircase leading up here.
The two-headed ogre hits you with a giant spiked club!
* * * LOW HITPOINT WARNING * * *
The two-headed ogre hits you with a giant club!
You die...

.. ..# #######
..!. #@O...###
#....
###.....####.....
...###.....#.....#
#....###........#
#.... ###.....###
# #.$..
##........#
..#....
##.....#....
#.....##.....##
#..
.#.....#.....##. #


You could see a two-headed ogre.

Vanquished Creatures
  2 hounds (D:4)
  An orc wizard (D:4)
  An iguana (D:4)
  A worker ant (D:4)
  Natasha (thrice) (D:3)
  4 adders
  6 worms
  5 dart slugs
  2 leopard geckos (D:2)
  6 orcs
  3 ball pythons
  13 bats
  4 giant cockroaches
  6 hobgoblins
  13 kobolds
  2 quokkas
  4 frilled lizards
  9 goblins
  10 rats
95 creatures vanquished.

Notes
Turn   | Place    | Note
-------+----------+-------------------------------------------
     0 | D:1      | Anon1729 the Naga Gladiator began the quest for the Orb.
     0 | D:1      | Reached XP level 1. HP: 19/19 MP: 1/1
    37 | D:1      | Reached XP level 2. HP: 9/26 MP: 2/2
   760 | D:1      | Reached XP level 3. HP: 26/32 MP: 3/3
  1383 | D:2      | Found a faded altar of an unknown god.
  1570 | D:2      | Reached XP level 4. HP: 26/40 MP: 4/4
  1572 | D:2      | Reached skill level 1 in Armour
  2002 | D:3      | Reached skill level 4 in Axes
  2174 | D:3      | Noticed Natasha
  2181 | D:3      | Killed Natasha
  2181 | D:3      | Reached XP level 5. HP: 5/48 MP: 5/5
  2450 | D:3      | Noticed Natasha
  2485 | D:3      | Killed Natasha
  2841 | D:3      | Noticed Natasha
  2943 | D:3      | Killed Natasha
  3317 | D:4      | Reached XP level 6. HP: 52/56 MP: 6/6
  3663 | D:4      | Reached skill level 5 in Axes
  4364 | D:5      | Entered Level 5 of the Dungeon
  4381 | D:5      | Noticed a two-headed ogre
  4398 | D:5      | HP: 2/56 [two-headed ogre/giant spiked club (12)]
  4398 | D:5      | Demolished by a two-headed ogre

Skill      XL: |  1  2  3  4  5  6 |
---------------+-------------------+-----
Throwing       | 2 |  2.0
Armour         | 1 2 |  2.2
Axes           | 4 5 |  5.2
Dodging        | 3 |  3.0
Fighting       | 3 |  3.6

Action                   |  1- 3 |  4- 6 || total
-------------------------+-------+-------++-------
Melee: War axe           |   116 |   235 ||   351
 Abil: Spit Poison       |     3 |     9 ||    12
Evoke: Wand              |     1 |       ||     1
  Use: Scroll            |       |     3 ||     3
       Potion            |       |     1 ||     1
  Eat: Chunk             |     1 |     7 ||     8
Armor: Leather armour    |     9 |       ||     9
       Chain mail        |    80 |   191 ||   271
Dodge: Dodged            |    62 |   105 ||   167
